| TOP OF THE 1ST |
|
Columbus Reds batting - Pitching for Southern Maryland Blue Crabs : RHP Kyung-won Kim
|
|
Pitching: RHP Kyung-won Kim
|
|
|
Batting: SHB Bill Dissette
|
0-0: Ball 1-0: Ground out 4-3 (Groundball, 34D, EV 104.4 MPH)
|
|
Batting: RHB Tony Camacho
|
0-0: Called Strike 0-1: Ball 1-1: Ground out U3 (Groundball, 34S, EV 78.8 MPH)
|
|
Batting: RHB Aaron Barraza
|
0-0: Foul Ball, location: 2F 0-1: Foul Ball, location: 2F 0-2: Strikes out looking
|
| Top of the 1st over - 0 runs, 0 hits, 0 errors, 0 left on base; Columbus 0 - Southern Maryland 0 |
| BOTTOM OF THE 1ST |
|
Southern Maryland Blue Crabs batting - Pitching for Columbus Reds : RHP Jim Bartlet
|
|
Pitching: RHP Jim Bartlet
|
|
|
Batting: RHB Eddie Morin
|
0-0: Ball 1-0: Called Strike 1-1: Foul Ball, location: 2F 1-2: Strikes out looking
|
|
Batting: RHB Oscar Chapa
|
0-0: Called Strike 0-1: Ball 1-1: Ball 2-1: Ball 3-1: Base on Balls
|
|
Batting: LHB Stu Proulx
|
0-0: Called Strike 0-1: SINGLE (Groundball, 56S, EV 76.9 MPH) (infield hit) Oscar Chapa to second
|
|
Batting: RHB Imbart van Rens
|
0-0: Ball 1-0: Ball 2-0: Grounds into double play, 4-6-3 (Groundball, 4, EV 79.4 MPH)
|
| Bottom of the 1st over - 0 runs, 1 hit, 0 errors, 1 left on base; Columbus 0 - Southern Maryland 0 |
| TOP OF THE 2ND |
|
Columbus Reds batting - Pitching for Southern Maryland Blue Crabs : RHP Kyung-won Kim
|
|
Batting: SHB Colin Black
|
0-0: Ground out 4-3 (Groundball, 4, EV 91.2 MPH)
|
|
Batting: RHB Matt Carman
|
0-0: Foul Ball, location: 2F 0-1: Foul Ball, location: 2F 0-2: Ball 1-2: Foul Ball, location: 2F 1-2: Foul Ball, location: 2F 1-2: Strikes out swinging
|
|
Batting: LHB Gabe Morales
|
0-0: Ball 1-0: Ground out 4-3 (Groundball, 4, EV 82.5 MPH)
|
| Top of the 2nd over - 0 runs, 0 hits, 0 errors, 0 left on base; Columbus 0 - Southern Maryland 0 |
| BOTTOM OF THE 2ND |
|
Southern Maryland Blue Crabs batting - Pitching for Columbus Reds : RHP Jim Bartlet
|
|
Batting: RHB Josh Kurth
|
0-0: Ball 1-0: Ball 2-0: SINGLE (Groundball, 6MD, EV 97.5 MPH)
|
|
Batting: RHB Hsui-chen Yang
|
0-0: Fly out, F8 (Flyball, 78D, EV 87.5 MPH)
|
|
Batting: RHB Dou-wan Pan
|
0-0: Called Strike 0-1: Ball 1-1: Ball 2-1: Ball Josh Kurth steals 2nd, throwing error, E2 Josh Kurth to third 3-1: 2-RUN HOME RUN (Flyball, 7D, EV 100.0 MPH), Distance : 401 ft
|
|
Batting: RHB John Lowe
|
0-0: SINGLE (Line Drive, 8LS, EV 108.1 MPH)
|
|
Batting: RHB Adam Cooper
|
Pickoff Throw to First - Out! 1-3 0-0: Foul Ball, location: 2F 0-1: Foul Ball, location: 2F 0-2: Strikes out swinging
|
| Bottom of the 2nd over - 2 runs, 3 hits, 1 error, 0 left on base; Columbus 0 - Southern Maryland 2 |
| TOP OF THE 3RD |
|
Columbus Reds batting - Pitching for Southern Maryland Blue Crabs : RHP Kyung-won Kim
|
|
Batting: RHB Cornholdo Schwerin
|
0-0: Foul Ball, location: 2F 0-1: Ball 1-1: Ground out 6-3 (Groundball, 6, EV 83.8 MPH)
|
|
Batting: RHB Nick Partain
|
0-0: Called Strike 0-1: Ball 1-1: Ball 2-1: Fly out, F9 (Line Drive, 9, EV 94.4 MPH)
|
|
Batting: RHB Jorge Velez
|
0-0: Ball 1-0: Ball 2-0: SINGLE (Groundball, 6MD, EV 105.0 MPH)
|
|
Batting: SHB Bill Dissette
|
0-0: Foul Ball, location: 2F 0-1: Ball 1-1: Foul Ball, location: 2F 1-2: Ball 2-2: Foul Ball, location: 2F 2-2: Strikes out swinging
|
| Top of the 3rd over - 0 runs, 1 hit, 0 errors, 1 left on base; Columbus 0 - Southern Maryland 2 |
| BOTTOM OF THE 3RD |
|
Southern Maryland Blue Crabs batting - Pitching for Columbus Reds : RHP Jim Bartlet
|
|
Batting: RHB Eddie Morin
|
0-0: Ball 1-0: Called Strike 1-1: Ball 2-1: Ball 3-1: Base on Balls
|
|
Batting: RHB Oscar Chapa
|
0-0: Ball 1-0: SINGLE (Line Drive, 34D, EV 95.6 MPH) Eddie Morin to second Runner from 2nd tries for 3rd, SAFE, throw by RF made to third
|
|
Batting: LHB Stu Proulx
|
0-0: Ball 1-0: Ball Oscar Chapa steals 2nd base 2-0: Ground out U3 (Groundball, 34S, EV 83.1 MPH) Eddie Morin scores Oscar Chapa to third
|
|
Batting: RHB Imbart van Rens
|
0-0: Ball 1-0: Called Strike 1-1: Fly out, F8 (Flyball, 8LD, EV 107.5 MPH) Runner from 3rd tags up, SCORES, throw by CF
|
|
Batting: RHB Josh Kurth
|
0-0: Called Strike 0-1: Ground out 6-3 (Groundball, 6, EV 86.2 MPH)
|
| Bottom of the 3rd over - 2 runs, 1 hit, 0 errors, 0 left on base; Columbus 0 - Southern Maryland 4 |
| TOP OF THE 4TH |
|
Columbus Reds batting - Pitching for Southern Maryland Blue Crabs : RHP Kyung-won Kim
|
|
Batting: RHB Tony Camacho
|
0-0: Called Strike 0-1: Ball 1-1: Ball 2-1: Ball 3-1: Base on Balls
|
|
Batting: RHB Aaron Barraza
|
0-0: Called Strike 0-1: Swinging Strike 0-2: Strikes out looking
|
|
Batting: SHB Colin Black
|
0-0: Ball 1-0: Foul Ball, location: 2F 1-1: Ball 2-1: SINGLE (Groundball, 6MD, EV 100.0 MPH) Tony Camacho to second
|
|
Batting: RHB Matt Carman
|
0-0: Called Strike 0-1: Grounds into double play, 3-6-3 (Groundball, 3, EV 87.5 MPH)
|
| Top of the 4th over - 0 runs, 1 hit, 0 errors, 1 left on base; Columbus 0 - Southern Maryland 4 |
| BOTTOM OF THE 4TH |
|
Southern Maryland Blue Crabs batting - Pitching for Columbus Reds : RHP Jim Bartlet
|
|
Batting: RHB Hsui-chen Yang
|
0-0: Ground out 1-3 (Groundball, 25, EV 69.4 MPH)
|
|
Batting: RHB Dou-wan Pan
|
0-0: SOLO HOME RUN (Flyball, 7D, EV 100.0 MPH), Distance : 384 ft
|
|
Batting: RHB John Lowe
|
0-0: Ball 1-0: Ball 2-0: Foul Ball, location: 2F 2-1: Called Strike 2-2: Ball 3-2: Strikes out swinging
|
|
Batting: RHB Adam Cooper
|
0-0: Swinging Strike 0-1: Swinging Strike 0-2: Strikes out swinging
|
| Bottom of the 4th over - 1 run, 1 hit, 0 errors, 0 left on base; Columbus 0 - Southern Maryland 5 |
| TOP OF THE 5TH |
|
Columbus Reds batting - Pitching for Southern Maryland Blue Crabs : RHP Kyung-won Kim
|
|
Batting: LHB Gabe Morales
|
0-0: Called Strike 0-1: Called Strike 0-2: Ball 1-2: Strikes out swinging
|
|
Batting: RHB Cornholdo Schwerin
|
0-0: Ball 1-0: SINGLE (Groundball, 6D, EV 96.2 MPH)
|
|
Batting: RHB Nick Partain
|
0-0: Ball Cornholdo Schwerin is caught stealing 2nd base 2-4 1-0: Foul Ball, location: 2F 1-1: Ball 2-1: Called Strike 2-2: Ball 3-2: Foul Ball, location: 2F 3-2: Strikes out swinging
|
| Top of the 5th over - 0 runs, 1 hit, 0 errors, 0 left on base; Columbus 0 - Southern Maryland 5 |
| BOTTOM OF THE 5TH |
|
Southern Maryland Blue Crabs batting - Pitching for Columbus Reds : RHP Jim Bartlet
|
|
Batting: RHB Eddie Morin
|
0-0: Foul Ball, location: 2F 0-1: Fly out, F8 (Line Drive, 8LM, EV 100.6 MPH)
|
|
Batting: RHB Oscar Chapa
|
0-0: Ball 1-0: Ball 2-0: Called Strike 2-1: Ball 3-1: Swinging Strike 3-2: SINGLE (Flyball, 6MD, EV 95.6 MPH)
|
|
Batting: LHB Stu Proulx
|
0-0: Ball 1-0: Swinging Strike 1-1: Called Strike Oscar Chapa is caught stealing 2nd base 2-6 1-2: Fly out, F8 (Flyball, 8RD, EV 88.1 MPH)
|
| Bottom of the 5th over - 0 runs, 1 hit, 0 errors, 0 left on base; Columbus 0 - Southern Maryland 5 |
| TOP OF THE 6TH |
|
Columbus Reds batting - Pitching for Southern Maryland Blue Crabs : RHP Kyung-won Kim
|
|
Batting: RHB Jorge Velez
|
0-0: Fly out, F7 (Flyball, 7LSF, EV 95.6 MPH)
|
|
Batting: SHB Bill Dissette
|
0-0: Called Strike 0-1: Ball 1-1: Foul Ball, location: 2F 1-2: Ball 2-2: Ball 3-2: Base on Balls
|
|
Batting: RHB Tony Camacho
|
0-0: Ball Bill Dissette steals 2nd base 1-0: Fly out, F8 (Line Drive, 8RM, EV 93.1 MPH)
|
|
Batting: RHB Aaron Barraza
|
0-0: Called Strike 0-1: Ball 1-1: Ball 2-1: Called Strike 2-2: Ball 3-2: Base on Balls
|
|
Batting: SHB Colin Black
|
0-0: Called Strike 0-1: Called Strike 0-2: Foul Ball, location: 2F 0-2: Ball 1-2: Strikes out swinging
|
| Top of the 6th over - 0 runs, 0 hits, 0 errors, 2 left on base; Columbus 0 - Southern Maryland 5 |
| BOTTOM OF THE 6TH |
|
Southern Maryland Blue Crabs batting - Pitching for Columbus Reds : RHP Jim Bartlet
|
|
Batting: RHB Imbart van Rens
|
0-0: Ball 1-0: Called Strike 1-1: Ground out 6-3 (Groundball, 6, EV 76.9 MPH)
|
|
Batting: RHB Josh Kurth
|
0-0: DOUBLE (Line Drive, 3D, EV 99.4 MPH)
|
|
Batting: RHB Hsui-chen Yang
|
0-0: Foul Ball, location: 2F 0-1: SINGLE (Groundball, 6MD, EV 95.6 MPH) Josh Kurth to third
|
|
Pitching: RHP Amador Sadaba
|
|
|
Batting: RHB Dou-wan Pan
|
0-0: Ball 1-0: Called Strike 1-1: Swinging Strike 1-2: SINGLE (Line Drive, 78M, EV 110.6 MPH) Josh Kurth scores Hsui-chen Yang to second
|
|
Batting: RHB John Lowe
|
0-0: Foul Ball, location: 2F 0-1: Fielders Choice at 2nd, 6-4 (Groundball, 6, EV 107.5 MPH) Hsui-chen Yang to third
|
|
Batting: RHB Adam Cooper
|
0-0: Called Strike 0-1: Swinging Strike 0-2: SINGLE (Line Drive, 6D, EV 95.6 MPH) Hsui-chen Yang scores John Lowe to second Runner from 2nd tries for 3rd, SAFE, throw by CF made to third
|
|
Batting: RHB Eddie Morin
|
0-0: Called Strike 0-1: Ball 1-1: Fly out, F8 (Flyball, 78D, EV 95.6 MPH)
|
| Bottom of the 6th over - 2 runs, 4 hits, 0 errors, 2 left on base; Columbus 0 - Southern Maryland 7 |
| TOP OF THE 7TH |
|
Columbus Reds batting - Pitching for Southern Maryland Blue Crabs : RHP Kyung-won Kim
|
|
Batting: RHB Matt Carman
|
0-0: Called Strike 0-1: Called Strike 0-2: Ball 1-2: Ball 2-2: Strikes out looking
|
|
Batting: LHB Gabe Morales
|
0-0: Called Strike 0-1: Ball 1-1: Ball 2-1: Ball 3-1: Ground out 6-3 (Groundball, 6, EV 82.5 MPH)
|
|
Pinch Hitting: LHB Jamel Wilhite
|
0-0: Ball 1-0: Ground out 1-3 (Groundball, 34S, EV 68.8 MPH)
|
| Top of the 7th over - 0 runs, 0 hits, 0 errors, 0 left on base; Columbus 0 - Southern Maryland 7 |
| BOTTOM OF THE 7TH |
|
Southern Maryland Blue Crabs batting - Pitching for Columbus Reds : RHP Amador Sadaba
|
|
Now in CF: Alex Ruybalid
|
|
|
Batting: RHB Oscar Chapa
|
0-0: Swinging Strike 0-1: Ball 1-1: Ball 2-1: Fly out, F9 (Flyball, 89D, EV 101.9 MPH)
|
|
Pinch Hitting: RHB Andy Valenzuela
|
0-0: Ball 1-0: Called Strike 1-1: Foul Ball, location: 2F 1-2: Ball 2-2: Ball 3-2: Strikes out swinging
|
|
Batting: RHB Imbart van Rens
|
0-0: Reached on error, E5 (Groundball, 5, EV 83.8 MPH)
|
|
Batting: RHB Josh Kurth
|
0-0: Called Strike Imbart van Rens is caught stealing 2nd base 2-4
|
| Bottom of the 7th over - 0 runs, 0 hits, 1 error, 0 left on base; Columbus 0 - Southern Maryland 7 |
| TOP OF THE 8TH |
|
Columbus Reds batting - Pitching for Southern Maryland Blue Crabs : RHP Kyung-won Kim
|
|
Now in LF: Andy Valenzuela
|
|
|
Pinch Hitting: SHB Eddie Crawford
|
0-0: Called Strike 0-1: Foul Ball, location: 2F 0-2: Ball 1-2: Fly out, F9 (Flyball, 9LS, EV 73.8 MPH)
|
|
Batting: RHB Jorge Velez
|
0-0: Called Strike 0-1: Ball 1-1: Foul Ball, location: 2F 1-2: Foul Ball, location: 2F 1-2: Ball 2-2: Ball 3-2: Strikes out swinging
|
|
Batting: SHB Bill Dissette
|
0-0: Ground out 4-3 (Groundball, 4, EV 108.8 MPH)
|
| Top of the 8th over - 0 runs, 0 hits, 0 errors, 0 left on base; Columbus 0 - Southern Maryland 7 |
| BOTTOM OF THE 8TH |
|
Southern Maryland Blue Crabs batting - Pitching for Columbus Reds : RHP Amador Sadaba
|
|
Now in RF: Eddie Crawford
|
|
|
Batting: RHB Josh Kurth
|
0-0: Ball 1-0: Called Strike 1-1: Called Strike 1-2: Ball 2-2: Foul Ball, location: 2F 2-2: Fly out, F8 (Flyball, 8RD, EV 84.4 MPH)
|
|
Batting: RHB Hsui-chen Yang
|
0-0: Called Strike 0-1: Foul Ball, location: 2F 0-2: Ball 1-2: Ball 2-2: Ground out 6-3 (Groundball, 6, EV 90.0 MPH)
|
|
Batting: RHB Dou-wan Pan
|
0-0: Ball 1-0: Called Strike 1-1: Ball 2-1: Called Strike 2-2: Ground out 6-3 (Groundball, 6, EV 103.8 MPH)
|
| Bottom of the 8th over - 0 runs, 0 hits, 0 errors, 0 left on base; Columbus 0 - Southern Maryland 7 |
| TOP OF THE 9TH |
|
Columbus Reds batting - Pitching for Southern Maryland Blue Crabs : RHP Kyung-won Kim
|
|
Pinch Hitting: LHB Mat Bencivengo
|
0-0: Swinging Strike 0-1: Ground out 4-3 (Groundball, 13, EV 87.5 MPH)
|
|
Batting: RHB Aaron Barraza
|
0-0: Foul Ball, location: 2F 0-1: Foul Ball, location: 2F 0-2: Ball 1-2: Ball 2-2: Ball 3-2: Ground out 1-3 (Groundball, 34S, EV 74.4 MPH)
|
|
Batting: SHB Colin Black
|
0-0: Ball 1-0: Foul Ball, location: 2F 1-1: Foul Ball, location: 2F 1-2: Foul Ball, location: 2F 1-2: Ball 2-2: Fly out, F9 (Line Drive, 89M, EV 103.1 MPH)
|
| Top of the 9th over - 0 runs, 0 hits, 0 errors, 0 left on base; Columbus 0 - Southern Maryland 7 |
|